 Dungeon Crawl Stone Soup version 0.31.0-32-g396128a36d (webtiles) character file.

Game seed: 9952066840387112457

2010 AgateBread the Fighter (level 9, -13/98 (101) HPs)
             Began as an Oni Shapeshifter on Apr 9, 2024.
             Was an Initiate of Gozag.
             Mangled by a hornet (14 damage)
             ... on level 7 of the Dungeon on Apr 10, 2024.
             The game lasted 00:35:05 (11194 turns).

AgateBread the Fighter (Oni Shapeshifter)          Turns: 11194, Time: 00:35:06

HP:   -13/98 (101)  AC:  4    Str: 22    XL:     9   Next: 22%
MP:   9/9           EV: 10    Int: 11    God:    Gozag
Gold: 307           SH:  0    Dex: 10    Spells: 8/8 levels left

rFire   . .          .
                       - Unarmed
rCold   . . .        (no shield)
rNeg    . . .        n - +1 animal skin
rPois   .            (helmet currently unavailable)
rElec   .            (cloak currently unavailable)
rCorr   .            (gloves unavailable)
SInv    .            (boots unavailable)
Will    .....        (no amulet)
Stlth   +            k - ring of wizardry
HPRegen 0.36/turn    (no ring)
MPRegen 0.11/turn

%: wizardry (x1)
@: lethally poisoned (-13 -> -27), about to teleport, beast-form, slowed,
lightly drained, very slow
A: beast (slay +1), large, unfitting armour, horns 1, tough skin 1, double
potion healing, drunken brawling
a: Begin Untransformation, Renounce Religion, Potion Petition, Call Merchant,
Bribe Branch


You were on level 7 of the Dungeon.
You worshipped Gozag.
Gozag was aware of your devotion.
You were a hulking beast.
You visited 2 branches of the dungeon, and saw 8 of its levels.

You collected 378 gold pieces.
You paid 71 gold pieces to Gozag.

Inventory:

Hand Weapons
 i - a +1 dagger of flaming
 q - a +0 orcbow
Missiles
 t - 2 large rocks
 u - 6 poisoned darts (quivered)
Armour
 a - a +0 animal skin
 n - a +1 animal skin (worn)
Jewellery
 k - a ring of wizardry (left hand)
 r - an amulet of faith
Talismans
 c - a beast talisman (active)
 d - a flux talisman
Wands
 g - a wand of paralysis (7)
Scrolls
 h - a scroll of fog
 s - 2 scrolls of enchant weapon
Potions
 b - a potion of lignification
 e - a potion of enlightenment
 f - a potion of resistance {unknown}
 j - a potion of berserk rage {unknown}
 l - 3 potions of haste {unknown}
 o - a potion of curing {unknown}
 p - a potion of invisibility


   Skills:
 - Level 10.0 Fighting
 - Level 1.8 Dodging
 + Level 8.6 Unarmed Combat
 - Level 3.4 Shapeshifting


You had 8 spell levels left.
You didn't know any spells.
Your spell library contained the following spells:

 Spells                   Type           Power      Damage    Failure   Level
 Freeze                   Ice            0%         1d3       14%         1
 Kiss of Death            Conj/Necr      0%         2d5       14%         1
 Magic Dart               Conj           0%         1d3       14%         1
 Blink                    Tloc           0%         N/A       21%         2
 Call Imp                 Summ           0%         N/A       21%         2
 Confusing Touch          Hex            0%         N/A       38%         3
 Frozen Ramparts          Ice            0%         1d1       38%         3
 Hailstorm                Conj/Ice       0%         3d5       38%         3
 Tukima's Dance           Hex            0%         N/A       38%         3
 Dimensional Bullseye     Hex/Tloc       0%         N/A       77%         4
 Dispel Undead            Necr           0%         3d6       77%         4
 Iskenderun's Mystic Bla  Conj/Tloc      0%         2d3       77%         4


Dungeon Overview and Level Annotations

Branches:
Dungeon (7/15)             Temple (1/1) D:6

Altars:
Ashenzari
Dithmenos
Fedhas
Gozag
Hepliaklqana
Kikubaaqudgha
Makhleb
Nemelex Xobeh
Okawaru
Ru
Sif Muna
Uskayaw
Vehumet
Xom
Yredelemnul
Zin
The Shining One

Annotations:
D:3 1 runed translucent door, Crazy Yiuf


Innate Abilities, Weirdness & Mutations

You are a hulking beast.
Your limbs bulge with bestial killing power. (Slay +1)
You are too large for most types of armour.
You have a pair of small horns on your head.
You have tough skin. (AC +1)
You gain doubled healing and magic from potions.
Whenever you drink a healing potion, you attack all around you.


Message History

Okay, then.
There are monsters nearby!
There are monsters nearby!
There are monsters nearby!
Welcome back, AgateBread the Oni Shapeshifter.
Gozag says: Greed is good.
Press ? for a list of commands and other information.
Okay, then.
You feel very sick. The hornet stings you!
You feel as though you will be slow longer.
The hornet stings you!
You suddenly lose the ability to move!
The goblin hits you but does no damage.
A goblin comes into view. It is wielding a +0 spear.
You can move again.
As you read the scroll labelled QOSTRO IHONYO, it crumbles to dust.
You feel strangely unstable.
It was a scroll of teleportation.
You feel very sick. The hornet stings you.
You feel as though you will be slow longer.
The hornet stings you but does no damage.
The goblin hits you from afar with a +0 spear.
The orc priest invokes the aid of Beogh against you.
Beogh smites you!
* * * LOW HITPOINT WARNING * * *
The goblin hits you from afar with a +0 spear.
* * * LOW HITPOINT WARNING * * *
The hornet stings you.
* * * LOW HITPOINT WARNING * * *
You are more poisoned.
You feel as though you will be slow longer.
* * * LOW HITPOINT WARNING * * *
You feel extremely sick. The hornet attacks as it pursues you!
The hornet stings you!
* * * LOW HITPOINT WARNING * * *
You feel as though you will be slow longer.
The goblin closely misses you. The orc priest closely misses you.
The goblin closely misses you. The hornet stings you!
You die...
Your body crumbles into a pile of gold.

#.....................#
#.###################^#
#.# ........# #.####
######..# #....#
######..# #....##
........# #.)).<#
#######.#
##)[..##.####.########.#
.(.............ghy....>#
##....##.####..g#o####.#
#....# # #...##... ..#
###### #..... ...#####
#.≈≈≈ ≈...###
..≈...≈.g.#.. #
..≈.∩>~...#.# .#
#.≈...≈...#.#o.# #<.o.#


You could see a hornet, an orc priest and 3 goblins.

Vanquished Creatures
  Sigmund (D:2)
  A steam dragon (D:6)
  A water moccasin (D:6)
  An ice beast (D:5)
  A sky beast (D:6)
  An ogre (D:6)
  2 centaurs
  A phantom (D:5)
  2 scorpions
  4 wights
  3 killer bees
  2 hounds
  2 bombardier beetles (D:5)
  A gnoll bouda (D:6)
  Jessica (D:2)
  Terence (D:3)
  2 iguanas
  Natasha (D:3)
  3 orc wizards
  Robin (D:2)
  11 gnolls
  6 adders
  A shadow imp (D:6)
  A white imp (D:6)
  4 ufetubi
  2 dart slugs (D:1)
  2 ribbon worms
  11 orcs
  4 ball pythons
  6 bats
  2 endoplasms
  3 giant cockroaches
  11 goblins
  11 hobgoblins
  2 jackals (D:1)
  3 kobolds (D:3)
  A quokka (D:1)
  3 frilled lizards
  7 rats
123 creatures vanquished.

Vanquished Creatures (others)
  2 gnolls (D:6)
2 creatures vanquished.

Grand Total: 125 creatures vanquished

Notes
Turn   | Place    | Note
-------+----------+-------------------------------------------
     0 | D:1      | AgateBread the Oni Shapeshifter began the quest for the
                  | Orb.
     0 | D:1      | Reached XP level 1. HP: 19/19 MP: 1/1
   844 | D:1      | Reached XP level 2. HP: 26/27 MP: 2/2
  1549 | D:1      | Reached XP level 3. HP: 22/33 MP: 3/3
  2042 | D:2      | Noticed Sigmund
  2052 | D:2      | Killed Sigmund
  2053 | D:2      | Reached skill level 4 in Fighting
  2053 | D:2      | Reached XP level 4. HP: 24/49 MP: 4/4
  2053 | D:2      | Reached XP level 5. HP: 27/55 MP: 5/5
  2394 | D:2      | Noticed Robin
  2767 | D:3      | Found a runed translucent door.
  2768 | D:3      | Noticed Crazy Yiuf
  2789 | D:3      | Noticed Terence
  2803 | D:3      | Killed Terence
  3246 | D:3      | Found a sacrificial altar of Ru.
  3342 | D:2      | Reached XP level 6. HP: 65/65 MP: 6/6
  3448 | D:2      | Killed Robin
  3449 | D:2      | Reached skill level 5 in Fighting
  3590 | D:2      | Noticed Jessica
  3596 | D:2      | Killed Jessica
  4812 | D:3      | Reached skill level 5 in Unarmed Combat
  5274 | D:3      | Found a hazy altar of Hepliaklqana.
  5275 | D:3      | Noticed Natasha
  5286 | D:3      | Killed Natasha
  5969 | D:4      | Reached skill level 6 in Fighting
  5980 | D:4      | Reached XP level 7. HP: 68/75 MP: 7/7
  6321 | D:5      | Entered Level 5 of the Dungeon
  7224 | D:5      | Reached skill level 7 in Fighting
  7893 | D:6      | Found Fesoprov's Magic Scroll Shoppe.
  7926 | D:6      | Reached XP level 8. HP: 65/88 MP: 8/8
  7949 | D:5      | HP: 1/88 [killer bee (5)]
  8181 | D:5      | Reached skill level 8 in Fighting
  9352 | D:6      | Reached skill level 9 in Fighting
  9737 | D:6      | Found a staircase to the Ecumenical Temple.
  9743 | Temple   | Entered the Ecumenical Temple
  9805 | Temple   | Became a worshipper of Gozag Ym Sagoz the Greedy
 10355 | D:6      | Found a basalt altar of Yredelemnul.
 10357 | D:6      | Noticed a profane servitor
 10382 | D:6      | Found a glowing golden altar of the Shining One.
 10386 | D:6      | Noticed an angel
 10542 | D:7      | Reached skill level 10 in Fighting
 10542 | D:7      | Reached XP level 9. HP: 6/94 MP: 9/9
 11186 | D:7      | Noticed a hornet
 11192 | D:7      | Paralysed by a hornet for 1 turns
 11194 | D:7      | HP: 1/98 [hornet (14)]
 11194 | D:7      | Mangled by a hornet

Illustrated notes

Levels and vault maps discovered:
D:1:      onia_arrival_pentagram, layout_loops_ring, serial_forest,
          infiniplex_forest_clump_double, infiniplex_forest_lined_3_way,
          infiniplex_forest_clump_curved, infiniplex_forest_lined_3_way,
          infiniplex_forest_end_2, columned_hall_lemuel
D:2:      layout_basic, uniq_jessica, uniq_sigmund, uniq_robin
D:3:      layout_loops_corners, lemuel_round_altar,
          mainiacjoe_overflow_alcove_2, uniq_terence, uniq_crazy_yiuf_cottage,
          uniq_natasha
D:4:      layout_loops_cross, chequers_serial_rivers_micro_c
D:5:      layout_loops_ring, palyth_stone_intersect
D:6:      layout_basic, grunt_temple_overflow_holy_war,
          minmay_temple_entry_fiery, serial_shops, shop
D:7:      layout_basic, nicolae_overflow_quartered_altars, enter_bailey_5,
          minivault_24, serial_library_regret_index_headful
Temple:   hellmonk_temple_forest_ring

Skill      XL: |  1  2  3  4  5  6  7  8  9 |
---------------+----------------------------+-----
Unarmed Combat | 3 4 5 6 7 8 |  8.6
Fighting       | 4 6 7 10 | 10.0
Dodging        | |  1.8
Shapeshifting  | |  3.4

Action                     |  1- 3 |  4- 6 |  7- 9 || total
---------------------------+-------+-------+-------++-------
  Melee: Unarmed           |    74 |   127 |   200 ||   401
         Headbutt          |    17 |    17 |    34 ||    68
         Punch             |     2 |     3 |     4 ||     9
  Throw: Large rock        |     2 |     8 |     4 ||    14
         Dart              |       |       |     5 ||     5
  Evoke: Wand              |       |       |     1 ||     1
    Use: Scroll            |       |     5 |     4 ||     9
         Potion            |       |       |     5 ||     5
   Stab: Sleeping          |       |     1 |       ||     1
         Paralysed         |       |       |     3 ||     3
         Distracted        |       |       |     1 ||     1
 Armour: Animal skin       |    42 |   107 |   214 ||   363
  Dodge: Dodged            |    26 |    77 |   145 ||   248
   Form: Beast             |     1 |       |       ||     1
